Map: Para Site LE

Players

Rye

  • Race: Zerg Zerg
  • League: Diamond
  • Spawn Location: 11:00

Wesley - Winner!

  • Race: Protoss Protoss
  • League: Diamond
  • Spawn Location: 5:00

VOD

Have the link to the VOD?

Description

Time

  • Played on: Aug. 23, 2018, 8:28 a.m.
  • Length: 11:51
Show
View Real Time Build Order
Export as new Build Order

Rye Zerg 

Build Orders: Hatch First 

Get SALT Encoding   

  12  0:20  Drone  
  13  0:21  Overlord  
  13  0:33  Drone  
  14  0:43  Drone  
  14  0:44  Drone  
  16  0:55  Drone  
  17  0:57  Hatchery  
  16  1:04  Extractor  
  16  1:06  Drone  
  16  1:20  Spawning Pool, Drone  
  16  1:27  Drone  
  17  1:57  Hatchery  
  17  2:22  Drone x3  
  19  2:28  Roach Warren  
  18  2:40  Queen, Extractor  
  19  2:51  Hatchery  
  18  3:03  Drone x2  
  18  3:04  Drone  
  21  3:10  Queen  
  22  3:14  Overlord  
  22  3:22  Roach  
  24  3:27  Drone  
  25  3:36  Roach  
  27  3:43  Ravager  
  27  3:46  Roach  
  30  4:04  Roach x3  
  36  4:14  Overlord x3  
  36  4:35  Ravager x2  
  38  4:40  Ravager  
  39  4:48  Drone x3  
  42  5:08  Ravager x2  
  41  5:46  Drone x3  
  44  6:00  Zergling x20  
  52  6:35  Zergling x2  
  52  6:36  Zergling x8  
  48  6:49  Roach  
  48  7:03  Spore Crawler  
  42  7:16  Zergling x8  
  37  7:30  Zergling x4  
  37  7:31  Zergling x2  
  40  7:43  Metabolic Boost  
  39  7:49  Queen, Spore Crawler  
  43  7:51  Roach x2  
  43  7:53  Roach  
  43  7:54  Roach x4  
  52  8:04  Queen  
  54  8:25  Roach x3  
  54  8:37  Roach  
  54  8:38  Roach x2  
  53  8:48  Ravager x2  
  52  8:49  Ravager  
  52  8:50  Ravager  
  36  9:43  Overlord x5  
  26  10:05  Roach x4  
  32  10:34  Overlord x2  
  28  10:51  Spore Crawler  
  28  10:52  Queen  
  28  10:53  Drone  
  28  10:54  Spore Crawler  
Show
View Real Time Build Order
Export as new Build Order

Wesley Protoss - Winner!

Build Orders:  

Get SALT Encoding   

  12  0:01  Probe  
  13  0:21  Pylon  
  13  0:23  Probe  
  14  0:33  Probe  
  15  0:41  Probe  
  15  0:49  Probe  
  16  0:51  Forge  
  17  1:01  Probe  
  18  1:11  Probe  
  18  1:16  Pylon  
  19  1:20  Probe  
  20  1:28  Probe  
  20  1:32  Pylon  
  21  1:34  Pylon  
  21  1:36  Photon Cannon  
  21  1:40  Probe  
  21  1:45  Photon Cannon  
  22  1:52  Probe  
  23  2:32  Photon Cannon  
  23  2:36  Pylon  
  23  2:42  Nexus  
  23  2:45  Gateway  
  23  2:46  Probe  
  23  2:47  Photon Cannon  
  23  2:49  Photon Cannon  
  24  2:58  Photon Cannon  
  24  3:05  Photon Cannon  
  24  3:21  Probe  
  24  3:25  Pylon  
  25  3:29  Probe  
  25  3:30  Assimilator  
  25  3:32  Assimilator  
  26  3:36  Pylon  
  26  3:37  Probe  
  27  3:47  Cybernetics Core, Probe  
  27  3:53  Zealot  
  28  3:59  Probe  
  31  4:06  Pylon  
  31  4:09  Photon Cannon  
  31  4:14  Probe x2, Assimilator  
  33  4:19  Zealot  
  35  4:25  Shield Battery  
  35  4:26  Probe  
  35  4:27  Probe  
  35  4:30  Warp Gate  
  37  4:38  Probe  
  38  4:46  Zealot  
  40  5:00  Stargate  
  40  5:04  Photon Cannon  
  40  5:10  Photon Cannon  
  40  5:29  Stalker  
  42  5:37  Pylon  
  42  5:38  Pylon  
  42  5:40  Stargate  
  42  5:42  Phoenix  
  40  5:59  Stalker  
  40  6:01  Assimilator  
  40  6:03  Pylon  
  42  6:05  Phoenix  
  44  6:29  Phoenix  
  44  6:30  Phoenix  
  46  6:46  Stalker  
  44  6:54  Phoenix  
  44  7:05  Phoenix  
  38  7:11  Zealot  
  37  7:19  Phoenix  
  37  7:34  Gateway  
  37  7:40  Pylon  
  37  7:41  Pylon  
  37  7:45  Void Ray x2  
  45  8:15  Pylon  
  42  10:44  Forge  
  42  10:45  Nexus  
  42  10:47  Pylon  
  42  10:48  Gateway  
  42  10:49  Pylon  
  42  10:53  Gateway  
Tags
 
Add a new tag
Caveats
  • Supply blocks, unpowered buildings, or Contaminate may cause inaccurate times.
  • Supply counts are checked every 10 seconds.